 Dungeon Crawl Stone Soup version 0.28.0-45-g0d030f2227 (webtiles) character file.

Game seed: 12512057927772621185

118124 MalarOregon the Fighter (level 15, -4/130 HPs)
             Began as a Palentonga Fighter on Apr 21, 2022.
             Was the Champion of Jiyva.
             Slain by a culicivora (12 damage)
             ... on level 2 of the Spider Nest.
             The game lasted 00:53:08 (24490 turns).

MalarOregon the Fighter (Palentonga Fighter)       Turns: 24490, Time: 00:53:09

Health: -4/130     AC: 27    Str: 26      XL:     15   Next: 93%
Magic:  20/30      EV: 11    Int: 23      God:    Jiyva [******]
Gold:   382        SH: 12    Dex:  8 (9)  Spells: 35/37 levels left

rFire   + + +      SeeInvis +   b - +10 war axe "MalarOregon's Peril" {freeze, Int+2}
rCold   + . .      Faith    .   O - +1 buckler {rF+}
rNeg    . . .      Spirit   .   M - +0 fire dragon scales
rPois   .          Reflect  +   H - +1 helmet
rElec   .          Harm     .   (no cloak)
rCorr   +          Rampage  .   g - +1 pair of gloves
Will    ++...                   (no barding)
Stlth   ..........              J - amulet "Sahefose" {Reflect Str+7 SH+5}
HPRegen 1.91/turn               i - ring of protection from fire
MPRegen 0.72/turn               p - +4 ring of slaying

@: lethally poisoned (-4 -> -7), slowed, invisible, curled up, very slow
A: large, rugged brown scales 3, see invisible, deformed body, roll 1, armoured
tail, reflexive curl, hooves 2, iridescent scales 2, clever 2, cold resistance
2, strong-willed 1, mutation resistance 2, passive freeze, acidic bite,
gelatinous body 2, MP-powered wands
}: 1/15 runes: slimy
a: Rolling Charge, Renounce Religion, Oozemancy, Slimify


You were on level 2 of the Spider Nest.
You worshipped Jiyva.
Jiyva was exalted by your worship.
You visited 6 branches of the dungeon, and saw 31 of its levels.
You visited 1 bazaar.
You also visited: Ossuary and Gauntlet.

You collected 1558 gold pieces.
You spent 1176 gold pieces at shops.


Innate Abilities, Weirdness & Mutations

You are completely covered in rugged brown scales. (AC +3, +7% HP)
You have supernaturally acute eyesight. (SInv)
Armour fits poorly on your strangely shaped body.
You can roll at nearby foes to attack.
You have a long armoured tail.
You curl defensively after being hit. (AC +7*)
You have hoof-like feet.
You are mostly covered in iridescent scales. (AC +4)
Your mind is very acute. (Int +4)
Your flesh is very cold resistant. (rC++)
You are strong-willed. (Will+)
You are somewhat resistant to both further mutation and mutation removal.
A frigid envelope surrounds you and freezes all who hurt you.
You have acidic saliva.
Your pliable body absorbs attacks. (AC +2, EV +2)
You expend magic power (3 MP) to strengthen your wands.


   Skills:
 * Level 12.9 Fighting
 * Level 12.7 Maces & Flails
 + Level 8.0 Armour
 + Level 7.4 Dodging
 * Level 10.9 Shields
 * Level 11.5 Spellcasting
 - Level 9.6 Translocations


You had 35 spell levels left.
You knew the following spells:

 Your Spells              Type           Power      Damage    Failure   Level
b - Blink                 Tloc           100%       N/A       1%          2

Your spell library contained the following spells:

 Spells                   Type           Power      Damage    Failure   Level
 Apportation              Tloc           100%       N/A       1%          1
 Lesser Beckoning         Tloc           55%        N/A       1%          3
 Portal Projectile        Hex/Tloc       70%        N/A       5%          3
 Manifold Assault         Tloc           55%        N/A       7%          5
 Animate Skeleton         Necr           26%        N/A       14%         1
 Foxfire                  Conj/Fire      52%        2x1d6     14%         1
 Freeze                   Ice            52%        1d7       14%         1
 Sandblast                Erth           26%        2d8       14%         1
 Sting                    Tmut/Pois      52%        1d5       14%         1
 Summon Small Mammal      Summ           52%        N/A       14%         1
 Iskenderun's Mystic Bla  Conj/Tloc      35%        2d8       19%         4
 Passwall                 Tmut/Erth      10%        N/A       21%         2
 Call Canine Familiar     Summ           13%        N/A       38%         3
 Confusing Touch          Hex            13%        N/A       38%         3
 Conjure Flame            Conj/Fire      13%        6-21      38%         3
 Ignite Poison            Fire/Tmut/Pois 13%        N/A       38%         3
 Mephitic Cloud           Conj/Pois/Air  13%        N/A       38%         3
 Ozocubu's Armour         Ice            13%        N/A       38%         3
 Stone Arrow              Conj/Erth      26%        3d8       38%         3
 Summon Guardian Golem    Hex/Summ       13%        N/A       38%         3
 Airstrike                Air            6%         N/A       80%         4
 Petrify                  Tmut/Erth      13%        N/A       80%         4
 Summon Lightning Spire   Summ/Air       13%        N/A       80%         4
 Freezing Cloud           Conj/Ice/Air   6%         6-21      98%         5
 Lightning Bolt           Conj/Air       6%         1d18      98%         5
 Metabolic Englaciation   Hex/Ice        6%         N/A       98%         5
 Summon Mana Viper        Hex/Summ       13%        N/A       98%         5
 Yara's Violent Unravell  Hex/Tmut       6%         3d5       98%         5
 Statue Form              Tmut/Erth      8%         N/A       100%        6
 Enfeeble                 Hex            6%         N/A       100%        7
 Orb of Destruction       Conj           6%         9d6       100%        7
 Ozocubu's Refrigeration  Ice            6%         4d6       100%        7
 Disjunction              Tloc           27%        N/A       100%        8

Inventory:

Hand Weapons
 a - a +2 vorpal flail
   (You bought it in a shop on level 13 of the Dungeon)
 b - the +10 war axe "MalarOregon's Peril" (weapon) {freeze, Int+2}
   (You found it on level 11 of the Dungeon)

   It freezes those it strikes, dealing additional cold damage.
   It can also slow down cold-blooded creatures.
   Int:       It affects your intelligence (+2).
Missiles
 w - 3 throwing nets {!f}
Armour
 g - a +1 pair of gloves (worn)
   (You found it on level 1 of the Dungeon)
 H - a +1 helmet (worn)
   (You found it on level 5 of the Dungeon)
 M - +0 fire dragon scales (worn)
   (You found it on level 6 of the Lair of Beasts)
 O - a +1 buckler of fire resistance (worn)
   (You took it off a minotaur in a Gauntlet)
Jewellery
 c - the ring of the Hare {EV+8}
   (You found it on level 5 of the Pits of Slime)

   [ring of evasion]

   EV:        It affects your evasion (+8).
 h - a ring of willpower
   (You found it on level 1 of the Dungeon)
 i - a ring of protection from fire (left hand)
   (You found it on level 2 of the Dungeon)
 p - a +4 ring of slaying (right hand)
   (You found it on level 3 of the Dungeon)
 q - a ring of poison resistance
   (You bought it in a shop on level 1 of the Dungeon)
 J - the amulet "Sahefose" (around neck) {Reflect Str+7 SH+5}
   (You found it on level 5 of the Pits of Slime)

   [amulet of reflection]

   It reflects blocked missile attacks.
   Str:       It affects your strength (+7).
   SH:        It affects your SH (+5).
 K - the ring of Sin {Wiz rF+++ Str+2 SInv Stlth-}
   (You found it on level 5 of the Pits of Slime)

   [ring of wizardry]

   It improves your spell success rate.
   Str:       It affects your strength (+2).
   rF:        It renders you almost immune to fire.
   SInv:      It lets you see invisible.
   Stlth:     It makes you less stealthy.
Wands
 d - a wand of iceblast (2)
   (You found it on level 6 of the Lair of Beasts)
 t - a wand of flame (8)
   (You found it on level 9 of the Dungeon)
 u - a wand of paralysis (6)
   (You found it on level 5 of the Dungeon)
 v - a wand of digging (3)
   (You found it on level 6 of the Dungeon)
 x - a wand of acid (4)
   (You found it on level 2 of the Dungeon)
 y - a wand of charming (6)
   (You found it on level 8 of the Dungeon)
 G - a wand of polymorph (9)
   (You found it on level 6 of the Lair of Beasts)
 N - a wand of mindburst (6)
   (You found it on level 15 of the Dungeon)
Scrolls
 f - a scroll of immolation {!r}
 j - 9 scrolls of enchant weapon
 s - 3 scrolls of vulnerability {!r}
 z - 2 scrolls of torment {!r}
 A - 3 scrolls of teleportation {@r4}
 I - 3 scrolls of identify {@r1}
 L - a scroll of holy word
Potions
 e - 3 potions of brilliance
 k - 9 potions of curing {@q1}
 l - 2 potions of flight
 m - 2 potions of haste {@q3}
 n - 2 potions of attraction {!q}
 r - 3 potions of lignification {!q}
 B - 5 potions of magic
 D - a potion of heal wounds {@q2}
 E - 6 potions of ambrosia
 F - 2 potions of mutation {!q}
Miscellaneous
 P - a phial of floods
   (You found it in a Gauntlet)

Dungeon Overview and Level Annotations

Branches:
Dungeon (15/15)            Temple (1/1) D:7            Lair (6/6) D:9
 Shoals (0/4) Lair:3       Spider (2/4) Lair:2        Slime (5/5) Lair:6
    Orc (2/2) D:10            Elf (0/3) Orc:2        Vaults (0/5) D:13
 Depths (0/4) D:15        Ossuary (visited)         Gauntlet (visited)

Altars:
Ashenzari
Cheibriados
Dithmenos
Elyvilon
Fedhas
Gozag
Hepliaklqana
Kikubaaqudgha
Makhleb
Nemelex Xobeh
Okawaru
Qazlal
Ru
Sif Muna
Trog
Uskayaw
Vehumet
Wu Jian
Xom
Yredelemnul
Zin
The Shining One
Beogh
Jiyva

Shops:
D:1 =   D:4 [   D:12 (   D:13 ((=![   Orc:2 [!(:

Annotations:
D:3 1 runed translucent door, Crazy Yiuf
Lair:4 3 runed translucent doors, shugdite's ghost, adept MiFi
Slime:5 Royal Jelly

...#.##s... ..#. . .
..^...... ^.. .. .
#....#.. ..# ... ##
.##.....y#y ..#.^.#
.##...# #..#y##....#
.....###†)##w...# ##
...#.##..^yyw#
.#####....#..#.#ys#
.....^†.# #..###@##.
#.....†.###..#........$^
..<#..#...##..#....#..#.
....#.......#.###..# #
#..##..^.###........
.#.#....<# .......#.
...##..### #..#.###..
^..##### .#.## .s ^..#
####


You could see a ghost moth (invisible), a steelbarb worm, a torpor snail, a
culicivora, a tarantella (wandering) and 4 meliai.


Message History

You block the meliai's attack. x2; The spark wasp misses you.
The meliai hits you but does no damage.
You are electrocuted!
The meliai is very cold.
The meliai stings you but does no damage.
You slice the spark wasp!! You freeze the spark wasp.
You kill the spark wasp!
You slash the meliai! You freeze the meliai.
The meliai calls down the wrath of its god upon you.
Something smites you!
The meliai mumbles some strange prayers to its god against you.
Something smites you!
You hear an angry buzzing noise.
You feel your dexterity returning.
You closely miss the meliai. Your kick misses the meliai.
A meliai comes into view. It is wielding a +0 war axe.
The meliai invokes the aid of its god against you.
Something smites you!
* * * LOW HITPOINT WARNING * * *
The meliai hits you with a +1 hand axe of electrocution!
* * * LOW HITPOINT WARNING * * *
You are electrocuted!
* * * LOW HITPOINT WARNING * * *
The meliai is very cold.
You kill the meliai!
A torpor snail comes into view.
Being near the torpor snail leaves you feeling lethargic.
A ghost moth comes into view.
The meliai moves out of view.
You hear an angry hiss.
You hear an angry buzzing noise.
You feel yourself speed up.
A culicivora comes into view.
A meliai comes into view. It is wielding a +0 war axe.
Items here: $ ) [ †.
Okay, then.
The meliai buzzes angrily.
A pharaoh ant comes into view.
A meliai comes into view. It is wielding a +0 hand axe.
The meliai invokes the aid of its god against you.
Something smites you!
* * * LOW HITPOINT WARNING * * *
You see here a spark wasp corpse.
Okay, then.
Aiming: Charm
Press: ? - help, Shift-Dir - straight line, f - meliai
Aim: a meliai, wielding a +0 war axe and wearing a +0 leather armour (chance to affect: 52%)
You feel a surge of power!
The meliai resists with significant effort.
The meliai buzzes angrily.
The meliai invokes the aid of its god against you.
Something smites you!
* * * LOW HITPOINT WARNING * * *
You block the meliai's attack. The meliai barely misses you.
The meliai mumbles some strange prayers to its god against you.
Something smites you!
* * * LOW HITPOINT WARNING * * *
You hear an angry buzzing noise.
You feel much better.
You hear an angry hiss.
The meliai hits you with a +0 war axe!
* * * LOW HITPOINT WARNING * * *
The meliai is very cold.
You block the meliai's attack.
A meliai comes into view.
It is wielding a +0 broad axe of flaming.
The ghost moth stares at you.
You feel your power leaking away. The meliai hits you but does no damage.
The meliai is very cold.
The meliai closely misses you. x3
Okay, then.
Casting: Blink (safe; 1% risk of failure)
Confirm with . or Enter, or press ? or * to list all spells.
You blink.
A steelbarb worm and a meliai come into view.
The meliai buzzes angrily.
You hear a shout!
Being near the torpor snail leaves you feeling lethargic.
Unknown command.
You fade into invisibility!
The meliai calls upon its god to heal the meliai.
The meliai's wounds heal themselves!
You block the culicivora's attack.
The culicivora bites you but does no damage.
The culicivora is very cold.
You block the meliai's attack. The meliai stings you.
* * * LOW HITPOINT WARNING * * *
The meliai is very cold.
The meliai closely misses you.
The meliai stings you but does no damage.
The meliai is very cold.
The culicivora barely misses you.
A wolf spider comes into view.
The culicivora bites you!
* * * LOW HITPOINT WARNING * * *
The culicivora draws strength from your injuries!
The culicivora is very cold.
A pharaoh ant comes into view.
Found 24 gold pieces.
The pharaoh ant gives a chilling moan.
The meliai barely misses you. You block the meliai's attack.
A tarantella comes into view.
The meliai closely misses you. The meliai stings you.
* * * LOW HITPOINT WARNING * * *
You are poisoned.
The meliai poisons you!
The meliai is very cold.
The culicivora bites you!
You die...

Skill      XL: |  1  2  3  4  5  6  7  8  9 10 11 12 13 14 15 |
---------------+----------------------------------------------+-----
Spellcasting   | 1 2 3 4 5 6 7 8 9 10 11 | 11.5
Fighting       | 4 5 6 7 8 9 10 12 | 12.9
Maces & Flails | 3 4 5 6 7 8 9 10 11 12 | 12.7
Dodging        | 1 2 3 4 5 6 7 |  7.4
Shields        | 3 4 5 6 7 8 9 10 | 10.9
Translocations | 1 2 3 4 5 6 7 9 |  9.6
Armour         | 3 4 5 6 7 8 |  8.0

Action                   |  1- 3 |  4- 6 |  7- 9 | 10-12 | 13-15 || total
-------------------------+-------+-------+-------+-------+-------++-------
Melee: Flail             |   124 |   126 |   203 |    21 |    18 ||   492
       Tailslap          |    14 |    13 |    46 |    91 |   159 ||   323
       Dagger            |       |     6 |       |       |       ||     6
       War axe           |       |       |    35 |   409 |   958 ||  1402
       Kick              |       |       |       |       |   346 ||   346
       Bite              |       |       |       |       |    17 ||    17
 Cast: Blink             |       |       |       |       |     1 ||     1
Invok: Oozemancy         |       |       |     1 |       |     5 ||     6
       Slimify           |       |       |     1 |     1 |     1 ||     3
 Abil: Rolling Charge    |     4 |     1 |     3 |     4 |    15 ||    27
Evoke: Wand              |       |       |     4 |     9 |    25 ||    38
  Use: Potion            |       |     1 |       |     1 |     6 ||     8
       Scroll            |       |     6 |     5 |     4 |    10 ||    25
 Stab: Confused          |       |       |       |    22 |     1 ||    23
       Paralysed         |       |       |       |     9 |       ||     9
Armor: Scale mail        |    70 |    67 |    61 |       |       ||   198
       Chain mail        |       |       |    71 |   388 |   277 ||   736
       Fire dragon scale |       |       |       |       |   345 ||   345
Dodge: Dodged            |    37 |    53 |    75 |   162 |   380 ||   707
Block: Buckler           |    20 |    30 |    44 |   139 |   293 ||   526
       Kite shield       |       |       |       |       |   439 ||   439
       Reflection        |       |       |       |       |    21 ||    21

Levels and vault maps discovered:
D:1:      roderic_dead_forest, layout_basic, serial_shops, nicolae_diamond_shop,
          minmay_tromino_v4_a
D:2:      layout_loops_ring
D:3:      minmay_angry_zag, layout_rooms, mainiacjoe_overflow_catch_the_wave,
          mainiacjoe_overflow_concentric_impassable,
          hellmonk_ecumenical_altar_watching_god, uniq_grinder,
          uniq_crazy_yiuf_cottage
D:4:      layout_gridville, serial_shops,
          nicolae_shop_temple_entry_statues_fountains
D:5:      layout_loops_cross, makhleb_heckhound_becter,
          nicolae_ossuary_entry_monument
D:6:      layout_cave_pods, ebering_ghost_reflecting_pool
D:7:      layout_basic, yredelemnul_altar_generic,
          nicolae_gozag_cash_rules_everything_around_me,
          minmay_temple_entry_statues_fountains, uniq_duvessa, uniq_harold
D:8:      layout_loops_corners, nemelex_diamond_rough_becter, minmay_microvault
D:9:      layout_roguey, regret_index_temple_of_mockery, david_lair_shrubbed,
          roderic_batcave
D:10:     layout_small_grid, general_overflow_altar, orc_0_dummy, uniq_psyche
D:11:     layout_stronghold
D:12:     layout_stronghold, serial_shops, nicolae_lakefront_shop
D:13:     layout_roguey, erik_vaults_1, gauntlet_entry_generic, serial_shops,
          kennysheep_little_box, shop, nicolae_shop_stone, shop_coins,
          nicolae_shop_stone
D:14:     layout_cave_pods, nicolae_qazlal_style_of_elements
D:15:     hangedman_depths_entry_civil_slaughter, layout_loops_ring,
          xom_redecorated, serial_shops, bzr_entry_customers, eino_tiny_chamber,
          uniq_kirke
Temple:   minmay_temple_forest_path
Lair:1:   layout_gridlike
Lair:2:   layout_gridlike, nicolae_spider_entry_tight_spaces, uniq_gastronok
Lair:3:   layout_loops_ring, minmay_shoals_entry_beasts, uniq_nergalle
Lair:4:   layout_concentric_octagons, gammafunk_ghost_necromancy
Lair:5:   layout_gridlike, serial_forest, infiniplex_forest_lined_2,
          infiniplex_forest_pool, infiniplex_forest_lined_1,
          infiniplex_forest_pool, infiniplex_forest_lined_room_2,
          gammafunk_ghost_hive
Lair:6:   cheibrodos_lair_end_hotspot, layout_regular_city,
          dpeg_slime_entry_enclosed_altar
Spider:1: layout_spider_delve
Spider:2: layout_spider_delve, nicolae_orb_stairs
Slime:1:  layout_caves
Slime:2:  layout_caves, uniq_dissolution
Slime:3:  layout_caves, dissolution_awaits
Slime:4:  layout_caves, nicolae_slime_welcoming_committee
Slime:5
Orc:1:    layout_caves
Orc:2:    st_orc_town, layout_diamond_mine, uniq_urug

Notes
Turn   | Place    | Note
-------+----------+-------------------------------------------
     0 | D:1      | MalarOregon the Palentonga Fighter began the quest for the
                  | Orb.
     0 | D:1      | Reached XP level 1. HP: 19/19 MP: 1/1
    13 | D:1      | Found Vyttiup's Jewellery Shop.
   165 | D:1      | Reached XP level 2. HP: 25/25 MP: 2/2
   277 | D:1      | You add the spells Ozocubu's Armour and Ozocubu's
                  | Refrigeration to your library.
   396 | D:1      | HP: 2/25 [gnoll/+0 spear (6)]
   398 | D:1      | Reached XP level 3. HP: 3/31 MP: 4/4
   400 | D:1      | Reached skill level 1 in Spellcasting
   596 | D:1      | HP: 7/31 [kobold/+0 dagger (3)]
  1392 | D:2      | You add the spells Apportation, Blink, Conjure Flame and
                  | Disjunction to your library.
  1392 | D:2      | Got the Compendium of Dislocated Heat
  1396 | D:2      | Learned a level 2 spell: Blink
  1530 | D:2      | Identified the +6 dagger of Fury {vorpal, rN+}
  1723 | D:2      | Reached XP level 4. HP: 37/37 MP: 5/5
  2365 | D:3      | Found a sacrificial altar of Ru.
  2404 | D:3      | Found a faded altar of an unknown god.
  2406 | D:3      | Noticed a floating eye
  2460 | D:3      | Found a glowing silver altar of Zin.
  2564 | D:3      | Found a white marble altar of Elyvilon.
  2590 | D:3      | Found a runed translucent door.
  2591 | D:3      | Noticed Crazy Yiuf
  2711 | D:3      | Noticed a floating eye
  2715 | D:3      | Noticed a golden eye
  2724 | D:3      | Noticed a shining eye
  2727 | D:3      | Noticed Grinder
  2736 | D:3      | Killed Grinder
  2737 | D:3      | Reached skill level 4 in Fighting
  2737 | D:3      | Reached skill level 3 in Maces & Flails
  2737 | D:3      | Reached skill level 1 in Dodging
  2737 | D:3      | Reached skill level 3 in Shields
  2737 | D:3      | Reached skill level 2 in Spellcasting
  2737 | D:3      | Reached skill level 1 in Translocations
  2737 | D:3      | Reached XP level 5. HP: 38/44 MP: 6/8
  2737 | D:3      | Reached XP level 6. HP: 44/51 MP: 6/9
  2850 | D:3      | You pick up a book of Spatial Translocations and begin
                  | reading...
  2850 | D:3      | You add the spells Lesser Beckoning and Manifold Assault to
                  | your library.
  2908 | D:3      | You pick up a book of Callings and begin reading...
  2908 | D:3      | You add the spells Summon Small Mammal, Call Canine
                  | Familiar and Summon Guardian Golem to your library.
  3211 | D:3      | Prayed at the altar of an unknown god.
  3211 | D:3      | Became a worshipper of Jiyva Jeusm the Shapeless
  3211 | D:3      | Reached * piety under Jiyva
  3309 | D:4      | Reached skill level 2 in Translocations
  3585 | D:4      | Found Zuheckat's Armour Shop.
  3680 | D:4      | Reached ** piety under Jiyva
  3883 | D:4      | Reached skill level 3 in Armour
  4062 | D:5      | Entered Level 5 of the Dungeon
  4110 | D:4      | Gained mutation: You curl defensively after being hit. (AC
                  | +7*) [Palentonga growth]
  4110 | D:4      | Reached XP level 7. HP: 39/58 MP: 10/10
  4113 | D:5      | HP: 12/58 [centaur (6)]
  4118 | D:4      | HP: 3/58 [ogre/+0 giant club (15)]
  4175 | D:5      | Reached skill level 4 in Maces & Flails
  4175 | D:5      | Reached skill level 3 in Spellcasting
  4218 | D:5      | Reached skill level 3 in Translocations
  4219 | D:5      | Found a sand-covered staircase.
  4228 | Ossuary  | Entered an ossuary
  4290 | Ossuary  | Reached skill level 4 in Shields
  4290 | Ossuary  | Reached XP level 8. HP: 65/65 MP: 12/12
  4380 | D:5      | Reached skill level 2 in Dodging
  4467 | D:5      | Reached skill level 5 in Fighting
  4511 | D:5      | Reached *** piety under Jiyva
  4606 | D:5      | Gained mutation: Your melee attacks may engulf your foes in
                  | ooze. [Jiyva's grace]
  4606 | D:5      | Gained mutation: You have a small jelly attached to you
                  | that may absorb projectiles. [Jiyva's grace]
  4606 | D:5      | Gained mutation: You have a small jelly attached to you
                  | that senses nearby items. [Jiyva's grace]
  4606 | D:5      | Gained mutation: You are covered in slimy tendrils that may
                  | disarm your opponents. [Jiyva's grace]
  4825 | D:5      | Found a burning altar of Makhleb.
  5062 | D:1      | Bought a ring of poison resistance for 220 gold pieces
  5329 | D:6      | Found a runed translucent door.
  5335 | D:6      | Noticed zielscheibe's ghost (novice DgCj)
  5577 | D:6      | Reached **** piety under Jiyva
  5586 | D:6      | Reached skill level 4 in Translocations
  6202 | D:6      | Killed zielscheibe's ghost
  6203 | D:6      | Reached skill level 5 in Maces & Flails
  6203 | D:6      | Reached skill level 4 in Spellcasting
  6203 | D:6      | Reached XP level 9. HP: 62/73 MP: 13/15
  6279 | D:7      | Found a staircase to the Ecumenical Temple.
  6290 | Temple   | Entered the Ecumenical Temple
  6640 | D:7      | Noticed Harold
  6644 | D:7      | Noticed Duvessa
  6646 | D:7      | Killed Harold
  6647 | D:7      | Reached skill level 6 in Fighting
  6647 | D:7      | Reached skill level 4 in Armour
  6647 | D:7      | Reached skill level 5 in Shields
  6648 | D:7      | Noticed Dowan
  6653 | D:7      | Killed Duvessa
  6666 | D:7      | Killed Dowan
  6667 | D:7      | Reached skill level 5 in Translocations
  6695 | D:7      | Found an opulent altar of Gozag.
  7018 | D:7      | Reached skill level 3 in Dodging
  7023 | D:7      | Reached skill level 5 in Spellcasting
  7204 | D:7      | Lost mutation: You are covered in slimy tendrils that may
                  | disarm your opponents. [Jiyva's grace]
  7204 | D:7      | Gained mutation: You are agile. (Dex +2) [Jiyva's grace]
  7204 | D:7      | Gained mutation: You are very agile. (Dex +4) [Jiyva's
                  | grace]
  7204 | D:7      | Gained mutation: You are partially covered in iridescent
                  | scales. (AC +2) [Jiyva's grace]
  7204 | D:7      | Gained mutation: You are mostly covered in iridescent
                  | scales. (AC +4) [Jiyva's grace]
  7256 | D:7      | Found a basalt altar of Yredelemnul.
  7394 | D:8      | Noticed a two-headed ogre
  7404 | D:8      | Slimified a two-headed ogre
  7404 | D:8      | a two-headed ogre changed into a slime creature
  7542 | D:8      | Reached skill level 6 in Maces & Flails
  7561 | D:8      | Found a sparkling altar of Nemelex Xobeh.
  7699 | D:8      | You pick up a book of Cantrips and begin reading...
  7925 | D:8      | Reached XP level 10. HP: 79/81 MP: 17/17
  8260 | D:8      | Noticed a centaur warrior
  8265 | D:8      | Killed a centaur warrior
  8361 | D:9      | Found a hazy altar of Hepliaklqana.
  8362 | D:9      | Found a shimmering altar of Xom.
  8363 | D:9      | Noticed a two-headed ogre
  8373 | D:9      | Noticed a two-headed ogre
  8379 | D:9      | Killed a two-headed ogre
  8380 | D:9      | Reached skill level 7 in Fighting
  8380 | D:9      | Reached skill level 6 in Translocations
  8702 | D:9      | Found a staircase to the Lair.
  8710 | D:9      | Reached skill level 6 in Shields
  8722 | D:9      | Reached skill level 6 in Spellcasting
  8731 | D:9      | Reached ***** piety under Jiyva
  8872 | D:9      | Lost mutation: Your melee attacks may engulf your foes in
                  | ooze. [Jiyva's grace]
  8872 | D:9      | Gained mutation: Your body has grown eyes which may confuse
                  | attackers. (Acc +3) [Jiyva's grace]
  8872 | D:9      | Gained mutation: Your body has grown many eyes which may
                  | confuse attackers. (Acc +5) [Jiyva's grace]
  8872 | D:9      | Gained mutation: Your body is covered in eyes which may
                  | confuse attackers. (Acc +7, SInv) [Jiyva's grace]
  8872 | D:9      | Gained mutation: You can roll at foes to attack. [Jiyva's
                  | grace]
  8985 | D:10     | Entered Level 10 of the Dungeon
  9154 | D:10     | Noticed a gargoyle
  9165 | D:10     | HP: 14/84 [gargoyle/+0 mace (14)]
  9168 | D:10     | Killed a gargoyle
  9169 | D:10     | Reached skill level 7 in Maces & Flails
  9262 | D:10     | Found a staircase to the Orcish Mines.
  9271 | D:10     | Killed Psyche
  9500 | D:10     | Found an ornate altar of the Wu Jian Council.
  9582 | Lair:1   | Entered Level 1 of the Lair of Beasts
  9719 | Lair:1   | Reached ****** piety under Jiyva
  9746 | Lair:1   | Noticed a four-headed hydra
  9753 | Lair:1   | Killed a four-headed hydra
  9754 | Lair:1   | Reached XP level 11. HP: 85/90 MP: 20/20
  9849 | Lair:1   | Reached skill level 4 in Dodging
  9869 | Lair:1   | Reached skill level 5 in Armour
  9886 | Lair:1   | Lost mutation: You are mostly covered in iridescent scales.
                  | (AC +4) [Jiyva's grace]
  9886 | Lair:1   | Lost mutation: You are very agile. (Dex +4) [Jiyva's grace]
  9886 | Lair:1   | Lost mutation: You are agile. (Dex +2) [Jiyva's grace]
  9886 | Lair:1   | Gained mutation: You are strong-willed. (Will+) [Jiyva's
                  | grace]
  9886 | Lair:1   | Gained mutation: You are highly strong-willed. (Will++)
                  | [Jiyva's grace]
  9886 | Lair:1   | Gained mutation: You are extremely strong-willed. (Will+++)
                  | [Jiyva's grace]
  9886 | Lair:1   | Gained mutation: You expend magic power (3 MP) to
                  | strengthen your wands. [Jiyva's grace]
 10281 | Lair:2   | Reached skill level 8 in Fighting
 10281 | Lair:2   | Reached skill level 7 in Translocations
 10408 | Lair:2   | Found a hole to the Spider Nest.
 10427 | Lair:2   | You fall into a shaft and drop 1 floor!
 10431 | Lair:3   | Reached skill level 7 in Spellcasting
 10438 | Lair:3   | Reached skill level 8 in Maces & Flails
 10438 | Lair:3   | Reached skill level 7 in Shields
 10541 | Lair:3   | Reached XP level 12. HP: 84/100 MP: 23/23
 10603 | Lair:3   | Noticed Nergalle
 10615 | Lair:3   | Killed Nergalle
 10633 | Lair:3   | Reached skill level 8 in Translocations
 10690 | Lair:3   | Reached skill level 9 in Fighting
 10732 | Lair:3   | Found a staircase to the Shoals.
 10890 | Lair:3   | Lost mutation: You are partially covered in iridescent
                  | scales. (AC +2) [Jiyva's grace]
 10890 | Lair:3   | Lost mutation: You are extremely strong-willed. (Will+++)
                  | [Jiyva's grace]
 10890 | Lair:3   | Lost mutation: You are highly strong-willed. (Will++)
                  | [Jiyva's grace]
 10890 | Lair:3   | Lost mutation: Your body is covered in eyes which may
                  | confuse attackers. (Acc +7, SInv) [Jiyva's grace]
 10890 | Lair:3   | Lost mutation: You have a small jelly attached to you that
                  | senses nearby items. [Jiyva's grace]
 10890 | Lair:3   | Lost mutation: You have a small jelly attached to you that
                  | may absorb projectiles. [Jiyva's grace]
 10890 | Lair:3   | Gained mutation: Your flesh is cold resistant. (rC+)
                  | [Jiyva's grace]
 10890 | Lair:3   | Gained mutation: Your flesh is very cold resistant. (rC++)
                  | [Jiyva's grace]
 10890 | Lair:3   | Gained mutation: Your flesh is almost immune to the effects
                  | of cold. (rC+++) [Jiyva's grace]
 10890 | Lair:3   | Gained mutation: Your rubbery body absorbs attacks. (AC +1,
                  | EV +1) [Jiyva's grace]
 11361 | Lair:2   | Reached skill level 5 in Dodging
 11368 | Lair:2   | Reached skill level 8 in Spellcasting
 11374 | Lair:2   | You pick up a book of Storms and begin reading...
 11374 | Lair:2   | You add the spells Airstrike, Summon Lightning Spire and
                  | Lightning Bolt to your library.
 11430 | Lair:2   | Noticed a seven-headed hydra
 11443 | Lair:2   | HP: 25/102 [seven-headed hydra (2)]
 11444 | Lair:2   | Killed a seven-headed hydra
 11445 | Lair:2   | Reached skill level 9 in Maces & Flails
 11618 | Lair:2   | Noticed Gastronok
 11641 | Lair:2   | Killed Gastronok
 11865 | Lair:2   | HP: 25/103 [poisoned by a redback]
 11868 | Lair:2   | Reached skill level 8 in Shields
 12316 | Lair:4   | You pick up a book of Sloth and begin reading...
 12316 | Lair:4   | You add the spells Petrify, Metabolic Englaciation and
                  | Statue Form to your library.
 12356 | Lair:4   | Reached skill level 6 in Armour
 12382 | Lair:4   | Reached skill level 9 in Translocations
 12730 | Lair:4   | Found a runed translucent gate.
 12730 | Lair:4   | Found a runed translucent gate.
 12730 | Lair:4   | Found a runed translucent gate.
 12731 | Lair:4   | Noticed shugdite's ghost (adept MiFi)
 12912 | Lair:5   | Noticed an eight-headed hydra
 12922 | Lair:5   | Killed an eight-headed hydra
 12923 | Lair:5   | Reached XP level 13. HP: 50/110 MP: 22/25
 13011 | Lair:5   | Reached skill level 10 in Fighting
 13115 | Lair:5   | Noticed Adireryl's ghost (journeyman HOFi)
 13129 | Lair:5   | Found a transporter.
 13134 | Lair:5   | Found a transporter.
 13157 | Lair:5   | Lost mutation: Your body has grown many eyes which may
                  | confuse attackers. (Acc +5) [Jiyva's grace]
 13157 | Lair:5   | Lost mutation: Your body has grown eyes which may confuse
                  | attackers. (Acc +3) [Jiyva's grace]
 13157 | Lair:5   | Lost mutation: Your rubbery body absorbs attacks. (AC +1,
                  | EV +1) [Jiyva's grace]
 13157 | Lair:5   | Gained mutation: You have large cloven feet. [Jiyva's
                  | grace]
 13157 | Lair:5   | Gained mutation: You have hoof-like feet. [Jiyva's grace]
 13157 | Lair:5   | Gained mutation: You have hooves in place of feet. [Jiyva's
                  | grace]
 13157 | Lair:5   | Gained mutation: Your system is resistant to poisons.
                  | (rPois) [Jiyva's grace]
 13804 | Lair:5   | Killed Adireryl's ghost
 13873 | Lair:6   | Entered Level 6 of the Lair of Beasts
 14037 | Lair:6   | Reached skill level 9 in Spellcasting
 14081 | Lair:6   | Reached skill level 10 in Maces & Flails
 14216 | Lair:6   | You add the spells Freeze, Portal Projectile, Freezing
                  | Cloud and Summon Mana Viper to your library.
 14216 | Lair:6   | Got the Collected Works on the Glacial Oath
 14235 | Lair:6   | HP: 25/111 [death yak (11)]
 14235 | Lair:6   | HP: 10/111 [death yak (15)]
 14327 | Lair:6   | Lost mutation: You have hooves in place of feet. [Jiyva's
                  | grace]
 14327 | Lair:6   | Lost mutation: You have hoof-like feet. [Jiyva's grace]
 14327 | Lair:6   | Gained mutation: You are covered in slimy tendrils that may
                  | disarm your opponents. [Jiyva's grace]
 14327 | Lair:6   | Gained mutation: You are agile. (Dex +2) [Jiyva's grace]
 14327 | Lair:6   | Gained mutation: You are very agile. (Dex +4) [Jiyva's
                  | grace]
 14327 | Lair:6   | Gained mutation: Your mind is acute. (Int +2) [Jiyva's
                  | grace]
 14380 | Lair:6   | You add the spells Ignite Poison and Mephitic Cloud to your
                  | library.
 14433 | Lair:6   | Found a viscous altar of Jiyva.
 14433 | Lair:6   | Found a staircase to the Slime Pits.
 14450 | Slime:1  | Entered Level 1 of the Pits of Slime
 14450 | Slime:1  | Noticed an azure jelly
 14453 | Slime:1  | Noticed an acid blob
 14459 | Slime:2  | Noticed an azure jelly
 14464 | Slime:3  | Noticed an azure jelly
 14537 | Slime:4  | Noticed a quicksilver ooze
 14593 | Slime:4  | Noticed a rockslime
 14613 | Slime:4  | Noticed an acid blob
 14636 | Slime:4  | Noticed an azure jelly
 14640 | Slime:4  | Noticed an acid blob
 14780 | Slime:5  | Entered Level 5 of the Pits of Slime
 14780 | Slime:5  | Noticed an acid blob
 14822 | Slime:5  | Noticed the Royal Jelly
 14860 | Slime:5  | Noticed an acid blob
 14939 | Slime:5  | Noticed a quicksilver ooze
 14953 | Slime:5  | Noticed an acid blob
 14965 | Slime:5  | Found a viscous altar of Jiyva.
 14965 | Slime:5  | Found the ring of the Hare {EV+8}
 14967 | Slime:5  | Noticed an azure jelly
 14970 | Slime:5  | Noticed an azure jelly
 14974 | Slime:5  | You add the spells Foxfire, Sting, Iskenderun's Mystic
                  | Blast and Orb of Destruction to your library.
 14974 | Slime:5  | Got the Grimoire of Confrontation and Changing
 14982 | Slime:5  | Identified the amulet "Sahefose" {Reflect Str+7 SH+5}
 14992 | Slime:5  | Identified the ring of Sin {Wiz rF+++ Str+2 SInv Stlth-}
 15004 | Slime:5  | Got a slimy rune of Zot
 15005 | Slime:5  | Identified the +6 long sword of Might {vorpal, Str+6}
 15014 | Slime:5  | Noticed an acid blob
 15029 | Slime:5  | Noticed an acid blob
 15058 | Slime:5  | Noticed an acid blob
 15071 | Slime:5  | Noticed an acid blob
 15087 | Slime:3  | Noticed a rockslime
 15087 | Slime:3  | Noticed a rockslime
 15167 | Slime:3  | Noticed an acid blob
 15226 | Slime:2  | Noticed a quicksilver ooze
 15229 | Slime:2  | Noticed a rockslime
 15278 | Slime:1  | Noticed an azure jelly
 15282 | Slime:1  | Noticed an azure jelly
 15515 | Lair:6   | Reached skill level 9 in Shields
 15639 | Lair:6   | Reached skill level 6 in Dodging
 15726 | Lair:6   | Reached XP level 14. HP: 45/118 MP: 17/27
 15743 | Lair:6   | HP: 24/118 [komodo dragon (20)]
 15874 | Lair:6   | Reached skill level 11 in Fighting
 15906 | Lair:6   | Found a large runed translucent door.
 15906 | Lair:6   | Found a large runed translucent door.
 16526 | Orc:1    | Entered Level 1 of the Orcish Mines
 16765 | Orc:1    | HP: 27/120 [orc knight (9)]
 17093 | Orc:2    | Entered Level 2 of the Orcish Mines
 17248 | Orc:2    | Noticed Urug
 17256 | Orc:2    | Killed Urug
 17288 | Orc:2    | HP: 25/120 [orc priest/divine providence (8)]
 17289 | Orc:2    | HP: 11/120 [orc high priest/divine providence (16)]
 17303 | Orc:2    | HP: 29/120 [warg (7)]
 17342 | Orc:2    | HP: 19/120 [sun demon[an orc high priest] (19)]
 17343 | Orc:2    | HP: 7/120 [orc high priest/+0 dire flail (11)]
 17349 | Orc:2    | HP: 23/120 [orc high priest/+0 dire flail (5)]
 17456 | Orc:2    | HP: 24/120 [orc priest/divine providence (15)]
 17464 | Orc:2    | HP: 22/120 [sun demon[an orc high priest] (7)]
 17487 | Orc:2    | Reached skill level 11 in Maces & Flails
 17494 | Orc:2    | HP: 29/120 [warg (9)]
 17548 | Orc:2    | Found Nirha's Armour Shoppe.
 17548 | Orc:2    | Found Tunn's Distillery.
 17588 | Orc:2    | Bought a potion of curing for 45 gold pieces
 17588 | Orc:2    | Bought a potion of mutation for 120 gold pieces
 17588 | Orc:2    | Bought a potion of magic for 120 gold pieces
 17588 | Orc:2    | Bought a potion of lignification for 45 gold pieces
 17588 | Orc:2    | Bought a potion of flight for 45 gold pieces
 17588 | Orc:2    | Bought a potion of curing for 45 gold pieces
 17588 | Orc:2    | Bought a potion of haste for 150 gold pieces
 17629 | Orc:2    | Found Basuum's Antique Weapon Shoppe.
 17629 | Orc:2    | Found Mebob's Book Boutique.
 17634 | Orc:2    | Reached skill level 7 in Armour
 17652 | Orc:2    | Reached skill level 10 in Spellcasting
 17827 | Orc:2    | Lost mutation: You are very agile. (Dex +4) [Jiyva's grace]
 17827 | Orc:2    | Lost mutation: You are agile. (Dex +2) [Jiyva's grace]
 17827 | Orc:2    | Lost mutation: Your mind is acute. (Int +2) [Jiyva's grace]
 17827 | Orc:2    | Lost mutation: Your system is resistant to poisons. (rPois)
                  | [Jiyva's grace]
 17827 | Orc:2    | Lost mutation: You expend magic power (3 MP) to strengthen
                  | your wands. [Jiyva's grace]
 17827 | Orc:2    | Gained mutation: You have hoof-like feet. [Jiyva's grace]
 17827 | Orc:2    | Gained mutation: You have hooves in place of feet. [Jiyva's
                  | grace]
 17827 | Orc:2    | Gained mutation: Your mind is acute. (Int +2) [Jiyva's
                  | grace]
 17827 | Orc:2    | Gained mutation: Your mind is very acute. (Int +4) [Jiyva's
                  | grace]
 17865 | Orc:2    | Found a staircase to the Elven Halls.
 18719 | D:11     | Identified the +10 war axe "MalarOregon's Peril" {freeze,
                  | Int+2}
 19171 | D:12     | Lost mutation: Your flesh is almost immune to the effects
                  | of cold. (rC+++) [Jiyva's grace]
 19171 | D:12     | Gained mutation: You are partially covered in iridescent
                  | scales. (AC +2) [Jiyva's grace]
 19171 | D:12     | Gained mutation: You are mostly covered in iridescent
                  | scales. (AC +4) [Jiyva's grace]
 19171 | D:12     | Gained mutation: You are completely covered in iridescent
                  | scales. (AC +6) [Jiyva's grace]
 19171 | D:12     | Gained mutation: You are agile. (Dex +2) [Jiyva's grace]
 19752 | D:12     | Found Vothriyvu's Weapon Boutique.
 19887 | D:13     | Found Uzaeqaos's Antique Weapon Emporium.
 19892 | D:13     | Bought a runed flail for 188 gold pieces
 19909 | D:13     | Found Kahariol's Weapon Emporium.
 19919 | D:13     | Found a gate leading to a gauntlet.
 19929 | Gauntlet | Entered a Gauntlet
 19929 | Gauntlet | Found a transporter.
 19929 | Gauntlet | Found a transporter.
 19948 | Gauntlet | Found a transporter.
 19951 | Gauntlet | Found a transporter.
 19959 | Gauntlet | Found a transporter.
 19963 | Gauntlet | Found a transporter.
 19971 | Gauntlet | Found a transporter.
 19987 | Gauntlet | Found a transporter.
 20001 | Gauntlet | Found a transporter.
 20005 | Gauntlet | Found a transporter.
 20014 | Gauntlet | Found a transporter.
 20017 | Gauntlet | Found a transporter.
 20065 | Gauntlet | Reached skill level 10 in Shields
 20078 | Gauntlet | Identified the +1 hat of the Lotus Blossom {rPois Dex+3}
 20119 | Gauntlet | Identified the -5 cloak "Vatume" {rElec rF- rCorr}
 20167 | Gauntlet | Got the Handbook of Translocation
 20169 | Gauntlet | Identified the +1 steam dragon scales of Sunlight {rC+ rN++
                  | Str-4}
 20169 | Gauntlet | Identified the +0 dagger of the Howling Shrike {speed, rC+
                  | Int+7}
 20170 | Gauntlet | You pick up a book of Misfortune and begin reading...
 20170 | Gauntlet | You add the spells Confusing Touch, Yara's Violent
                  | Unravelling and Enfeeble to your library.
 20230 | D:13     | Found Zetodd's Jewellery Shoppe.
 20269 | D:13     | You pick up a book of Geomancy and begin reading...
 20269 | D:13     | You add the spells Sandblast, Passwall and Stone Arrow to
                  | your library.
 20331 | D:13     | Found a gate to the Vaults.
 20496 | D:13     | Lost mutation: You have hooves in place of feet. [Jiyva's
                  | grace]
 20496 | D:13     | Gained mutation: You expend magic power (3 MP) to
                  | strengthen your wands. [Jiyva's grace]
 20496 | D:13     | Gained mutation: You have hooves in place of feet. [Jiyva's
                  | grace]
 20496 | D:13     | Gained mutation: Your rubbery body absorbs attacks. (AC +1,
                  | EV +1) [Jiyva's grace]
 20496 | D:13     | Gained mutation: Your pliable body absorbs attacks. (AC +2,
                  | EV +2) [Jiyva's grace]
 20686 | D:13     | Found Kiamnahon's Distillery.
 20697 | D:13     | Bought a potion of heal wounds for 90 gold pieces
 20697 | D:13     | Bought a potion of curing for 54 gold pieces
 20697 | D:13     | Bought a potion of curing for 54 gold pieces
 20723 | D:13     | Reached skill level 12 in Fighting
 20723 | D:13     | Reached XP level 15. HP: 128/128 MP: 29/29
 20751 | D:13     | Found Kodymod's Armour Shop.
 20918 | D:14     | Found a stormy altar of Qazlal.
 21651 | D:15     | Entered Level 15 of the Dungeon
 21736 | D:15     | Found a flickering gateway to a bazaar.
 21759 | Bazaar   | Entered a bazaar
 21763 | Bazaar   | Found Otuoqych's Distillery.
 21785 | Bazaar   | Found Jyxtac's Antique Armour Emporium.
 21806 | Bazaar   | Found Rekka's Book Boutique.
 21821 | Bazaar   | Found Justolol's Antique Weapon Shoppe.
 21938 | D:15     | Reached skill level 12 in Maces & Flails
 22007 | D:15     | Reached skill level 7 in Dodging
 22027 | D:15     | Reached skill level 11 in Spellcasting
 22034 | D:15     | HP: 21/130 [poisoned by a death drake (dark miasma)]
 22039 | D:15     | HP: 32/130 [tarantella (glowing shapeshifter) (2)]
 22176 | D:15     | Found a shimmering altar of Xom.
 22177 | D:15     | Found a shimmering altar of Xom.
 22177 | D:15     | Found a shimmering altar of Xom.
 22177 | D:15     | Found a shimmering altar of Xom.
 22177 | D:15     | Found a shimmering altar of Xom.
 22177 | D:15     | Found a shimmering altar of Xom.
 22178 | D:15     | Found a shimmering altar of Xom.
 22262 | D:15     | Identified the +3 plate armour "Othuorgh" {rPois rN++ Will-
                  | rCorr}
 22354 | D:15     | Noticed Kirke
 22362 | D:15     | Killed Kirke
 22444 | D:15     | Found a staircase to the Depths.
 22485 | D:15     | Lost mutation: You have hooves in place of feet. [Jiyva's
                  | grace]
 22485 | D:15     | Lost mutation: You are completely covered in iridescent
                  | scales. (AC +6) [Jiyva's grace]
 22485 | D:15     | Lost mutation: You are agile. (Dex +2) [Jiyva's grace]
 22485 | D:15     | Lost mutation: You are covered in slimy tendrils that may
                  | disarm your opponents. [Jiyva's grace]
 22485 | D:15     | Lost mutation: You can roll at foes to attack. [Jiyva's
                  | grace]
 22485 | D:15     | Gained mutation: A frigid envelope surrounds you and
                  | freezes all who hurt you. [Jiyva's grace]
 22485 | D:15     | Gained mutation: You have acidic saliva. [Jiyva's grace]
 22485 | D:15     | Gained mutation: You are somewhat resistant to further
                  | mutation. [Jiyva's grace]
 22485 | D:15     | Gained mutation: You are somewhat resistant to both further
                  | mutation and mutation removal. [Jiyva's grace]
 22808 | Spider:1 | Entered Level 1 of the Spider Nest
 24453 | Spider:2 | Reached skill level 8 in Armour
 24485 | Spider:2 | HP: 24/130 [meliai/divine providence (14)]
 24485 | Spider:2 | HP: 8/130 [meliai/divine providence (16)]
 24490 | Spider:2 | HP: 8/130 [meliai/+0 war axe (4)]
 24490 | Spider:2 | Slain by a culicivora

Vanquished Creatures
  Gastronok (Lair:2)
  Kirke (D:15)
  2 ghost moths (Spider:1)
  The ghost of Adireryl the Fighter, a journeyman HOFi of Beogh (Lair:5)
  A broodmother (Spider:1)
  A minotaur (Gauntlet)
  A spark wasp (Spider:2)
  A fire dragon (Lair:6)
  Harold (D:7)
  A boulder beetle (D:15)
  A radroach (Spider:1)
  8 hydras
  A catoblepas (Lair:6)
  5 centaur warriors
  A death knight (D:14)
  6 two-headed ogres
  6 death yaks (Lair:6)
  6 tengu warriors
  7 orc high priests (Orc:2)
  2 thrashing horrors (Gauntlet)
  Urug (Orc:2)
  2 pharaoh ants (Spider:1)
  Nergalle (Lair:3)
  A skeletal warrior (D:14)
  A fire crab (Lair:6)
  5 orb spiders
  2 steelbarb worms
  A wizard (D:15)
  The ghost of zielscheibe the Conjurer, a novice DgCj (D:6)
  5 wolf spiders
  4 orc knights
  16 ugly things
  3 cyclopes
  4 manticores
  A guardian serpent (shapeshifter) (D:15)
  A smoke demon (Gauntlet)
  12 elephants (Lair:2)
  5 black mambas
  A torpor snail (Spider:1)
  3 cane toads
  2 gargoyles
  2 molten gargoyles (Lair:6)
  A demonic crawler (Spider:1)
  4 komodo dragons
  5 yaktaurs (D:15)
  An unseen horror (D:12)
  4 rime drakes
  2 efreet (D:15)
  3 tengu conjurers (D:15)
  5 trolls
  8 tarantellas
  A wind drake (Lair:3)
  5 polar bears
  3 meliai
  A hornet (Lair:5)
  A queen bee (Lair:5)
  A tarantella (shapeshifter) (D:15)
  30 blink frogs
  Grinder (D:3)
  6 dream sheep (Lair:5)
  5 jumping spiders
  34 yaks
  7 culicivoras
  4 wraiths
  A hog (D:15)
  8 wyverns
  7 basilisks
  4 fire bats (Lair:1)
  8 redbacks
  3 steam dragons
  8 vampire mosquitoes
  7 wargs
  3 swamp worms (Gauntlet)
  2 acid dragons
  20 water moccasins
  4 hell hounds (Lair:6)
  Duvessa (D:7)
  21 orc warriors
  2 sky beasts
  A black bear (D:7)
  10 ogres
  14 wolves
  5 centaurs
  3 small abominations (Gauntlet)
  An elf zombie (Ossuary)
  2 gnoll sergeants (D:9)
  7 bullfrogs
  A wyvern zombie (D:8)
  2 scorpions
  A water moccasin skeleton (D:5)
  Dowan (D:7)
  4 wights (D:8)
  11 killer bees
  A howler monkey (D:6)
  A centaur zombie (D:9)
  4 crimson imps (Gauntlet)
  4 lava snakes
  2 hounds (D:5)
  38 orc priests
  2 bullfrog skeletons
  3 iguanas (D:6)
  22 orc wizards
  2 mummies (Ossuary)
  2 howler monkey zombies
  5 adders
  8 gnolls
  A shadow imp (D:6)
  A white imp (D:6)
  3 worms (D:3)
  A dart slug (D:5)
  81 orcs
  8 ball pythons
  7 bats
  4 endoplasms
  3 giant cockroaches
  11 goblins
  9 hobgoblins
  3 jackals (D:1)
  7 kobolds
  9 quokkas
  3 frilled lizards
  3 goblin zombies (Ossuary)
  4 hobgoblin zombies (Ossuary)
  2 orc zombies (Ossuary)
  6 rats
682 creatures vanquished.

Vanquished Creatures (collateral kills)
  2 boulder beetles
  An orb spider (Spider:2)
  A manticore (Lair:3)
  A rime drake (Lair:3)
  A komodo dragon (Lair:4)
  A culicivora (Lair:2)
7 creatures vanquished.

Vanquished Creatures (others)
  2 dancing weapons (D:13)
  An orc high priest (Orc:2)
  A deep elf pyromancer (D:15)
  Psyche (D:10)
  A slime creature (D:13)
  A polar bear (Lair:1)
  A jumping spider (Spider:1)
  A yak (Lair:3)
  3 redbacks
  A warg (Orc:2)
  2 water moccasins (Lair:6)
  A bullfrog (D:9)
  A wyvern zombie (D:7)
  A gnoll sergeant (D:10)
  6 killer bees (D:9)
  A wight (D:8)
  A centaur zombie (D:9)
  3 orc priests (Orc:2)
  80 jellies
  An iguana (D:4)
  3 gnolls (D:10)
  12 orcs
  2 gnoll zombies (Ossuary)
  7 bats (D:9)
  A goblin zombie (Ossuary)
  An orc zombie (Ossuary)
  A demonic plant (Gauntlet)
  A fire vortex (Lair:1)
  88 fungi
  202 plants
  8 withered plants
436 creatures vanquished.

Grand Total: 1125 creatures vanquished

Table legend:
 A = Non-vault XP
 B = Vault XP
 C = Vault XP percentage of total XP
 D = Non-vault monster count
 E = Vault monster count
 F = Vault count percentage of total count
                 A         B        C        D         E       F
            +---------+---------+-------+---------+---------+-------
      Total |  116318 |   33860 |  22.5 |     546 |     147 |  21.2
            +---------+---------+-------+---------+---------+-------
        D:1 |      63 |       5 |   7.4 |      29 |       3 |   9.4
        D:2 |      33 |       0 |   0.0 |      20 |       0 |   0.0
        D:3 |     131 |     264 |  66.8 |      20 |       5 |  20.0
        D:4 |     424 |       0 |   0.0 |      13 |       0 |   0.0
        D:5 |     664 |      20 |   2.9 |      16 |       1 |   5.9
        D:6 |     675 |     601 |  47.1 |      20 |       1 |   4.8
        D:7 |     691 |    1074 |  60.8 |      13 |       3 |  18.8
        D:8 |     965 |     825 |  46.1 |      17 |       1 |   5.6
        D:9 |    1876 |     367 |  16.4 |      27 |       1 |   3.6
       D:10 |    1003 |       0 |   0.0 |       4 |       0 |   0.0
       D:11 |    4273 |       0 |   0.0 |      13 |       0 |   0.0
       D:12 |    3774 |       0 |   0.0 |      13 |       0 |   0.0
       D:13 |    8852 |       0 |   0.0 |      14 |       0 |   0.0
       D:14 |    6243 |       0 |   0.0 |      13 |       0 |   0.0
       D:15 |   13512 |    4100 |  23.3 |      26 |       8 |  23.5
     Lair:1 |    3941 |       0 |   0.0 |      16 |       0 |   0.0
     Lair:2 |    8426 |    2559 |  23.3 |      25 |       6 |  19.4
     Lair:3 |    8654 |    1536 |  15.1 |      40 |       3 |   7.0
     Lair:4 |    2791 |       0 |   0.0 |      10 |       0 |   0.0
     Lair:5 |    5972 |    2756 |  31.6 |      23 |      12 |  34.3
     Lair:6 |   15894 |    6117 |  27.8 |      40 |      23 |  36.5
   Spider:1 |   14383 |       0 |   0.0 |      29 |       0 |   0.0
   Spider:2 |    4663 |    2326 |  33.3 |      14 |       4 |  22.2
      Orc:1 |    4058 |       0 |   0.0 |      49 |       0 |   0.0
      Orc:2 |    4357 |    7097 |  62.0 |      42 |      50 |  54.3
    Ossuary |       0 |     116 | 100.0 |       0 |      12 | 100.0
   Gauntlet |       0 |    4097 | 100.0 |       0 |      14 | 100.0
            +---------+---------+-------+---------+---------+-------

Illustrated notes

Table legend:
 A = Kills in this place as a percentage of kills in entire the game.
 B = Kills by you in this place as a percentage of kills by you in the entire game.
 C = Kills by friends in this place as a percentage of kills by friends in the entire game.
 D = Other kills in this place as a percentage of other kills in the entire game.
 E = Experience gained in this place as a percentage of experience gained in the entire game.
 F = Experience gained in this place divided by the number of levels of this place that you have seen.
                   A       B       C       D       E      F
               +-------+-------+-------+-------+-------+----------------------
         Total | 100.0 | 100.0 | 100.0 | 100.0 | 100.0 | 4417.0
       Dungeon |  40.5 |  41.3 |  14.3 |  10.0 |  33.6 | 3362.3
          Lair |  28.6 |  27.5 |  71.4 |  70.0 |  39.1 | 9774.3
   Spider Nest |   6.8 |   6.8 |  14.3 |   0.0 |  14.2 | 10686.0
  Orcish Mines |  20.3 |  20.6 |   0.0 |  20.0 |  10.3 | 7756.0
       Ossuary |   1.7 |   1.8 |   0.0 |   0.0 |   0.1 | 116.0
      Gauntlet |   2.0 |   2.1 |   0.0 |   0.0 |   2.7 | 4097.0
               +-------+-------+-------+-------+-------+----------------------

Table legend: (Time is in decaauts)
 A = Elapsed time spent in this place.
 B = Non-inter-level travel time spent in this place.
 C = Inter-level travel time spent in this place.
 D = Time resting spent in this place.
 E = Time spent auto-exploring this place.
 F = Levels seen in this place.
 G = Mean time per level.
                   A        B        C        D        E       F      G
               +--------+--------+--------+--------+--------+-----+--------+
         Total |  24976 |  22941 |   2035 |   1102 |  16995 |  34 |  734.6 |
       Dungeon |  13559 |  12430 |   1129 |    719 |   9548 |  15 |  903.9 |
        Temple |    339 |    302 |     37 |      0 |    290 |   1 |  339.0 |
          Lair |   6102 |   5628 |    474 |    182 |   3894 |   6 | 1017.0 |
   Spider Nest |   1703 |   1485 |    218 |     50 |   1194 |   2 |  851.5 |
    Slime Pits |    964 |    848 |    116 |      0 |    801 |   5 |  192.8 |
  Orcish Mines |   1816 |   1757 |     59 |    151 |   1000 |   2 |  908.0 |
        Bazaar |    100 |    100 |      0 |      0 |     81 |   1 |  100.0 |
       Ossuary |    137 |    137 |      0 |      0 |     45 |   1 |  137.0 |
      Gauntlet |    253 |    253 |      0 |      0 |    141 |   1 |  253.0 |
               +--------+--------+--------+--------+--------+-----+--------+

Top non-repeatable levels by time:
Spider:1: 1584 daAuts
  Lair:6: 1560 daAuts
     D:1: 1322 daAuts
   Orc:2: 1198 daAuts
     D:3: 1128 daAuts
  Lair:2: 1085 daAuts
     D:2: 1076 daAuts
     D:6: 1055 daAuts
  Lair:5: 1000 daAuts
     D:8: 994 daAuts
  Lair:3: 963 daAuts
    D:15: 914 daAuts
     D:4: 895 daAuts
     D:9: 834 daAuts
    D:11: 830 daAuts
